 Dungeon Crawl Stone Soup version 0.31-a0-532-g28f74ba3e5 (webtiles) character file.

Game seed: 9658714851200681133

182 Zonian the Ruffian (level 5, -6/35 HPs)
             Began as an Octopode Shapeshifter on Aug 12, 2023.
             Mangled by an iguana (15 damage)
             ... on level 4 of the Dungeon.
             The game lasted 00:03:33 (3114 turns).

Zonian the Ruffian (Octopode Shapeshifter)          Turns: 3114, Time: 00:03:34

Health: -6/35      AC:  1    Str: 17    XL:     5   Next: 61%
Magic:  5/5        EV: 13    Int: 10    God:
Gold:   183        SH:  0    Dex: 12    Spells: 4/4 levels left

rFire   + .          .
                       - Unarmed
rCold   x . .        (no shield)
rNeg    . . .        (helmet currently unavailable)
rPois   .            (no amulet)
rElec   .            o - ring of fire
rCorr   .            (no ring)
SInv    .            (no ring)
Will    .....        (no ring)
Stlth   ++           (no ring)
HPRegen 0.25/turn    (no ring)
MPRegen 0.09/turn    (no ring)
                     (no ring)

%: no passive effects
@: beast-form
A: beast (slay +2), almost no armour, amphibious, 8 rings, camouflage 1,
gelatinous body 1, (nimble swimmer 1), tentacles
a: Begin Untransformation


You were on level 4 of the Dungeon.
You were a hulking beast.
You visited 1 branch of the dungeon, and saw 4 of its levels.

You collected 183 gold pieces.

Inventory:

Missiles
 s - 2 throwing nets
Jewellery
 o - a ring of fire (left tentacle)
Talismans
 b - a beast talisman (active)
 c - a flux talisman
Wands
 p - a wand of light (6)
 q - a wand of flame (9)
Scrolls
 d - a scroll of poison {unknown}
 e - a scroll of revelation
 f - a scroll of amnesia {unknown}
 g - a scroll of teleportation
 i - a scroll of fear {unknown}
 k - a scroll of immolation {unknown}
 l - 2 scrolls of vulnerability {unknown}
 n - a scroll of blinking
 r - a scroll of enchant armour {unknown}
Potions
 a - a potion of lignification
 h - a potion of haste
 m - a potion of magic


   Skills:
 + Level 2.6 Fighting
 + Level 3.2 Dodging
 + Level 3.9 Unarmed Combat
 + Level 3.7 Shapeshifting


You had 4 spell levels left.
You didn't know any spells.
Your spell library contained the following spells:

 Spells                   Type           Power      Damage    Failure   Level
 Ensorcelled Hibernation  Hex/Ice        0%         N/A       50%         2
 Passwall                 Tmut/Erth      0%         N/A       50%         2
 Swiftness                Air            0%         N/A       75%         3


Dungeon Overview and Level Annotations

Branches:
Dungeon (4/15)
 Temple: D:4-7

Altars:
Gozag
Sif Muna


Innate Abilities, Weirdness & Mutations

You are a hulking beast.
Your limbs bulge with bestial killing power. (Slay +2)
You cannot wear most types of armour.
You are amphibious.
You can wear up to eight rings at the same time.
Your skin changes colour to match your surroundings (Stealth+).
Your rubbery body absorbs attacks. (AC +1, EV +1)
((You are camouflaged when in or above water. (Stealth+)))
You have tentacles for arms and can constrict up to eight enemies at once.


Message History

You start waiting.
A goblin is nearby!
A goblin is nearby!
Unknown command.
A goblin is nearby!
A goblin is nearby!
You see here an iguana skeleton.
The goblin shouts!
You tentacle-slap the goblin.
You kill the goblin!
No target in view!
No target in view!
Things that are here:
a +0 club; a goblin corpse An adder comes into view.
An adder is nearby!
Unknown command.
An iguana comes into view.
You miss the adder.
The adder hisses angrily.
Your grab misses the adder. You squeeze the adder!
You kill the adder!
The iguana hisses angrily.
You closely miss the iguana. Your grab misses the iguana.
Your squeeze misses the iguana. The iguana barely misses you.
You closely miss the iguana. Your grab misses the iguana. The iguana bites you!
You completely miss the iguana. You grab the iguana. You constrict the iguana.
The iguana closely misses you.
You tentacle-slap the iguana but do no damage.
You squeeze the iguana!
The iguana is severely wounded.
You constrict the iguana, but do no damage.
The iguana bites you!
* * * LOW HITPOINT WARNING * * *
Unknown command.
You tentacle-slap the iguana. You squeeze the iguana.
The iguana is almost dead.
You constrict the iguana, but do no damage.
The iguana bites you!
You die...

**,** #### **,,,**
*#################... ,,,,,,*
*.......#............ **,,,**
*.........######...## **,**
*.##.##..## #.....# *,* #,*#.##..#
##...## *,* #.##.##..# ##..# *,*
#........# #..## *,* #.##h###.#
#.... ***,*** *,*#l#*#.# ##+###
,,,,,,* *,,...,..# ##...## ***,*,**
**##.##### ##.....# * *,,,,*
#.#*,** ##.......
****,,,********#.#,,,***#.....รทรท.
+,,,,,,,**,,8,,##.,,,,,,+........
****,,,**8,,,,,8*#,,,***#..[.....
,,,,,,,*,,,,,,,,,**,** ##.....).


You could see an iguana.

Vanquished Creatures
  A hound (D:4)
  An iguana (D:4)
  Ijyb (D:3)
  3 adders
  6 dart slugs
  7 bats
  2 endoplasms (D:2)
  A giant cockroach (D:1)
  6 goblins
  5 hobgoblins
  3 jackals (D:3)
  5 quokkas
  7 ball pythons
  5 frilled lizards
  3 kobolds
  11 rats
67 creatures vanquished.

Notes
Turn   | Place    | Note
-------+----------+-------------------------------------------
     0 | D:1      | Zonian the Octopode Shapeshifter began the quest for the
                  | Orb.
     0 | D:1      | Reached XP level 1. HP: 13/13 MP: 1/1
    47 | D:1      | Reached XP level 2. HP: 18/18 MP: 2/2
   348 | D:1      | Reached XP level 3. HP: 23/23 MP: 3/3
   890 | D:2      | Found a faded altar of an unknown god.
  1193 | D:2      | Reached XP level 4. HP: 29/29 MP: 4/4
  1592 | D:3      | Found a shimmering blue altar of Sif Muna.
  1592 | D:3      | Found an opulent altar of Gozag.
  1927 | D:3      | Noticed Ijyb
  1935 | D:3      | Killed Ijyb
  2655 | D:3      | Reached XP level 5. HP: 35/35 MP: 5/5
  3114 | D:4      | Mangled by an iguana

Illustrated notes

Levels and vault maps discovered:
D:1:      dpeg_arrival_orchard, layout_loops_cross
D:2:      layout_basic, dreamdust_ecumenical_altar_hidden_monk_grotto,
          minmay_ruptured
D:3:      layout_basic, gammafunk_temple_overflow_elements, uniq_ijyb
D:4:      layout_loops_corners, gammafunk_ghost_cemetery

Skill      XL: |  1  2  3  4  5 |
---------------+----------------+-----
Fighting       | 2 |  2.6
Dodging        | 3 |  3.2
Unarmed Combat | |  3.9
Shapeshifting  | |  3.7

Action                     |  1- 3 |  4- 6 || total
---------------------------+-------+-------++-------
  Melee: Unarmed           |    74 |    47 ||   121
         Constrict         |    21 |     9 ||    30
         Tentacles         |    10 |    10 ||    20
         Punch             |       |     2 ||     2
    Use: Scroll            |       |     5 ||     5
   Stab: Sleeping          |    15 |     1 ||    16
 Armour: Skin              |     7 |     1 ||     8
  Dodge: Dodged            |    40 |    33 ||    73

Table legend: (Time is in decaauts)
 A = Elapsed time spent in this place.
 B = Non-inter-level travel time spent in this place.
 C = Inter-level travel time spent in this place.
 D = Time resting spent in this place.
 E = Time spent auto-exploring this place.
 F = Levels seen in this place.
 G = Mean time per level.
                   A        B        C        D        E       F      G
               +--------+--------+--------+--------+--------+-----+--------+
         Total |   3105 |   2998 |    107 |    546 |   2034 |   4 |  776.2 |
       Dungeon |   3105 |   2998 |    107 |    546 |   2034 |   4 |  776.2 |
               +--------+--------+--------+--------+--------+-----+--------+

Top non-repeatable levels by time:
     D:3: 1233 daAuts
     D:2: 905 daAuts
     D:1: 639 daAuts
     D:4: 328 daAuts
